 Dungeon Crawl Stone Soup version 0.31.0-32-g396128a36d (webtiles) character file.

Game seed: 12559860923919042889

589 bnorton916 the Magician (level 7, -11/36 HPs)
             Began as a Deep Elf Fire Elementalist on Apr 9, 2024.
             Killed from afar by Ijyb (16 damage)
             ... with a bolt of acid
             ... on level 4 of the Dungeon.
             The game lasted 00:05:17 (4549 turns).

bnorton916 the Magician (DEFE)                      Turns: 4549, Time: 00:05:17

Health: -11/36     AC: -2    Str:  5    XL:     7   Next: 15%
Magic:  13/18      EV: 12    Int: 22    God:
Gold:   185        SH:  0    Dex: 15    Spells: 12/19 levels left

rFire   . . .        (no weapon)
rCold   . . .        (no shield)
rNeg    . . .        a - +0 robe
rPois   +            (no helmet)
rElec   .            (no cloak)
rCorr   .            (no gloves)
SInv    .            (no boots)
Will    .....        (no amulet)
Stlth   ++           o - ring of poison resistance
HPRegen 0.26/turn    (no ring)
MPRegen 0.16/turn

%: no passive effects
@: corroded
A: no striking features
a: no special abilities


You were on level 4 of the Dungeon.
You visited 1 branch of the dungeon, and saw 4 of its levels.

You collected 185 gold pieces.

Inventory:

Hand Weapons
 e - a +2 short sword of protection
 q - a +1 short sword of holy wrath
Missiles
 i - 8 poisoned darts (quivered)
Armour
 a - a +0 robe (worn)
Jewellery
 o - a ring of poison resistance (left hand)
Scrolls
 c - 6 scrolls of teleportation {unknown}
 d - 6 scrolls of identify {unknown}
 h - 2 scrolls of poison {unknown}
 k - a scroll of butterflies {unknown}
 l - 3 scrolls of blinking {unknown}
 r - a scroll of silence {unknown}
 s - a scroll of noise {unknown}
Potions
 b - a potion of magic
 f - 2 potions of mutation {unknown}
 g - a potion of lignification {unknown}
 j - a potion of attraction {unknown}
 m - a potion of berserk rage {unknown}
 n - 2 potions of curing {unknown}
 p - a potion of haste {unknown}


   Skills:
 - Level 2.4 Dodging
 - Level 2.4 Stealth
 + Level 6.5 Spellcasting
 + Level 4.8 Conjurations
 + Level 5.8 Fire Magic


You had 12 spell levels left.
You knew the following spells:

 Your Spells              Type           Power      Damage    Failure   Level
a - Foxfire               Conj/Fire      100%       2x1d9     1%          1
b - Scorch                Fire           64%        2d7       1%          2
c - Flame Wave            Conj/Fire      30%        2d9       10%         4

Your spell library contained the following spells:

 Spells                   Type           Power      Damage    Failure   Level
 Inner Flame              Hex/Fire       20%        N/A       8%          3
 Volatile Blastmotes      Fire/Tloc      40%        2d13      8%          3
 Ensorcelled Hibernation  Hex/Ice        14%        N/A       13%         2
 Passwall                 Erth           7%         N/A       26%         3
 Swiftness                Air            7%         N/A       26%         3


Dungeon Overview and Level Annotations

Branches:
Dungeon (4/15)
 Temple: D:4-7

Altars:

Annotations:
D:4 Ijyb


Message History

Confirm with . or Enter, or press ? or * to list all spells.
You conjure some foxfire!
Ijyb shouts!
Ijyb screams, "Me kill you!"
The foxfire hits Ijyb.
Ijyb is lightly wounded.
Casting: Foxfire (safe; 1% risk of failure)
Confirm with . or Enter, or press ? or * to list all spells.
You conjure some foxfire!
The foxfire hits Ijyb but does no damage.
Ijyb is lightly wounded.
The foxfire hits Ijyb but does no damage.
Ijyb is lightly wounded.
The foxfire hits Ijyb.
Ijyb is lightly wounded.
Casting: Foxfire (safe; 1% risk of failure)
Confirm with . or Enter, or press ? or * to list all spells.
You conjure some foxfire!
The foxfire hits Ijyb.
Ijyb is moderately wounded.
The foxfire hits Ijyb.
Ijyb is moderately wounded.
Casting: Foxfire (safe; 1% risk of failure)
Confirm with . or Enter, or press ? or * to list all spells.
You conjure some foxfire!
Ijyb closely misses you.
The foxfire hits Ijyb.
Ijyb is heavily wounded.
The foxfire hits Ijyb.
Ijyb is heavily wounded.
Ijyb zaps a wand.
The bolt of acid hits you!!
Ouch! That really hurt!
The acid corrodes you!
Casting: Foxfire (safe; 1% risk of failure)
Confirm with . or Enter, or press ? or * to list all spells.
Flames lash Ijyb.
Ijyb is almost dead.
Ijyb's fire resistance burns away.
Ijyb zaps a wand.
The bolt of acid hits you!
* * * LOW HITPOINT WARNING * * *
Ijyb zaps a wand.
The bolt of acid hits you!
You die...

## #.......# ####.......#
#. .# ...........###[##.#
###.........##.##.# #
#.........##.##.#######
###.............#........
........##...........$...
.....#.†##...............
.....#..........@g.......
.....##.#.#######.######
.....##.#.#######.#
........#.........#
.....##############
.....# ..<### .### .#


You could see Ijyb (combustible).

Vanquished Creatures
  Grinder (D:3)
  An orc warrior (D:4)
  A scorpion (D:4)
  An orc priest (D:4)
  Natasha (D:2)
  An orc wizard (D:4)
  3 adders
  3 gnolls
  A ribbon worm (D:3)
  15 orcs
  10 ball pythons
  5 endoplasms
  2 giant cockroaches
  10 goblins
  2 hobgoblins (D:4)
  7 jackals
  7 kobolds
  4 quokkas
  5 bats
  2 frilled lizards
  5 rats
87 creatures vanquished.

Vanquished Creatures (collateral kills)
  A foxfire (D:2)
1 creature vanquished.

Vanquished Creatures (others)
  376 foxfires
376 creatures vanquished.

Grand Total: 464 creatures vanquished

Notes
Turn   | Place    | Note
-------+----------+-------------------------------------------
     0 | D:1      | bnorton916 the Deep Elf Fire Elementalist began the quest
                  | for the Orb.
     0 | D:1      | Reached XP level 1. HP: 10/10 MP: 6/6
   304 | D:1      | Reached XP level 2. HP: 14/15 MP: 4/8
  1310 | D:2      | Reached XP level 3. HP: 19/19 MP: 8/10
  1333 | D:2      | Reached skill level 4 in Spellcasting
  1990 | D:2      | Noticed Natasha
  1997 | D:2      | Killed Natasha
  1998 | D:2      | Reached XP level 4. HP: 24/24 MP: 9/12
  2001 | D:2      | Learned a level 2 spell: Scorch
  2006 | D:2      | Learned a level 4 spell: Flame Wave
  2733 | D:3      | Noticed Grinder
  2737 | D:3      | Paralysed by Grinder for 5 turns
  2751 | D:3      | Killed Grinder
  2752 | D:3      | Reached skill level 5 in Spellcasting
  2752 | D:3      | Reached skill level 5 in Fire Magic
  2752 | D:3      | Reached XP level 5. HP: 15/28 MP: 4/15
  2752 | D:3      | Reached XP level 6. HP: 17/32 MP: 4/16
  3455 | D:4      | Noticed an orc warrior
  3753 | D:4      | Killed an orc warrior
  3754 | D:4      | Reached skill level 6 in Spellcasting
  4179 | D:4      | Reached XP level 7. HP: 36/36 MP: 15/18
  4538 | D:4      | Noticed Ijyb
  4549 | D:4      | Killed from afar by Ijyb

Illustrated notes

Levels and vault maps discovered:
D:1:      co_arrival_square_in_a_square_in_a_square, layout_basic,
          minmay_misc_feat_rows
D:2:      layout_loops_corners, serial_bayou, serial_bayou_crossing,
          serial_bayou_ford_a, serial_bayou_lagoon_a, serial_bayou_pond_a,
          uniq_natasha
D:3:      layout_loops_cross, uniq_grinder
D:4:      layout_basic, guppyfry_early_orc_mine, uniq_ijyb

Skill      XL: |  1  2  3  4  5  6 |
---------------+-------------------+-----
Conjurations   | 2 3 4 |  4.8
Spellcasting   | 4 5 6 |  6.5
Fire Magic     | 4 5 |  5.8
Dodging        | |  2.4
Stealth        | |  2.4

Action                     |  1- 3 |  4- 6 |  7- 9 || total
---------------------------+-------+-------+-------++-------
  Throw: Dart              |       |     3 |       ||     3
   Cast: Foxfire           |    96 |   119 |    23 ||   238
         Scorch            |       |     9 |     2 ||    11
 Armour: Robe              |    11 |     8 |     6 ||    25
  Dodge: Dodged            |    16 |     6 |     4 ||    26
